 Dungeon Crawl Stone Soup version 0.25-a0-200-g5ba96148f3 (console) character file.

Game seed: 13484203270860095184, levelgen mode: deterministic

57306 Kagalorn the Carver (level 14, -23/125 HPs)
             Began as a Green Draconian Air Elementalist on Nov 30, 2019.
             Was a High Priest of Ashenzari.
             Annihilated by a shambling mangrove (38 damage)
             ... on level 1 of the Swamp on Dec 2, 2019.
             The game lasted 01:58:51 (28315 turns).

Kagalorn the Carver (DrAE)                         Turns: 28315, Time: 01:58:52

Health: -23/125    AC: 15    Str: 11    XL:     14   Next: 45%
Magic:  39/39      EV: 16    Int: 30    God:    Ashenzari [*****.]
Gold:   812        SH:  6    Dex: 17    Spells: 7/35 levels left

rFire    . . .     SeeInvis +   a - +8 double sword (venom) (curse)
rCold    . . .     Gourm    .   H - +0 buckler (curse)
rNeg     . . .     Faith    .   (armour unavailable)
rPois    +         Spirit   .   x - +3 hat of Pondering {ponderous, MR+ MP+10 Int+5} (curse)
rElec    .         Reflect  .   L - +1 cloak {+Inv} (curse)
rCorr    .         Harm     .   s - +0 pair of gloves
MR       +++..     Clarity  +   y - +0 pair of boots {Fly} (curse)
Stlth    +++.......             (no amulet)
HPRegen  0.30/turn              m - +5 ring of dexterity
MPRegen  0.26/turn              C - ring of Odaceenn {MR+ Int+5 SInv} (curse)

@: grasped by roots, flying, constricted, slow
A: breathe noxious fumes, unfitting armour, stinger 1, poison resistance,
cold-blooded, AC +8
a: Breathe Noxious Fumes, Curse Item, Scrying, Transfer Knowledge, Renounce
Religion, Evoke Invisibility, Stop Flying


You were on level 1 of the Swamp.
You worshipped Ashenzari.
Ashenzari was extremely pleased with you.
You were not hungry.

You visited 3 branches of the dungeon, and saw 20 of its levels.
You also visited: Sewer, Ossuary and Gauntlet.

You collected 1376 gold pieces.
You spent 564 gold pieces at shops.

Inventory:

Hand Weapons
 a - a cursed +8 double sword of venom (weapon)
Missiles
 c - 176 sling bullets
 d - 553 stones
 k - 137 bolts
 M - 32 poisoned darts (quivered)
 O - 26 javelins
Armour
 s - a +0 pair of gloves (worn)
 x - the cursed +3 hat of Pondering (worn) {ponderous, MR+ MP+10 Int+5}
   (You took it off Gastronok on level 1 of the Lair of Beasts)

   It affects your intelligence (+5).
   It affects your resistance to hostile enchantments.
   It affects your magic capacity (+10).
   It has a curse placed upon it.
 y - a cursed +0 pair of boots of flying (worn)
 H - a cursed +0 buckler (worn)
 L - a cursed +1 cloak of invisibility (worn)
 V - a +0 large shield
 W - a scarf of resistance
Jewellery
 l - a cursed ring of attention
 m - a +5 ring of dexterity (left hand)
 q - the ring "Riqueb" {Fire +Inv rN+ Str+2 Stlth-}
   (You took it off a minotaur in a Gauntlet)

   [ring of fire]

   It enhances your fire magic.
   It affects your strength (+2).
   It protects you from fire.
   It makes you vulnerable to cold.
   It protects you from negative energy.
   It lets you turn invisible.
   It makes you less stealthy.
 C - the cursed ring of Odaceenn (right hand) {MR+ Int+5 SInv}
   (You found it in a Gauntlet)

   [ring of see invisible]

   It affects your intelligence (+5).
   It affects your resistance to hostile enchantments.
   It lets you see invisible.
   It has a curse placed upon it.
 I - an uncursed ring of protection from cold
 R - an uncursed ring of positive energy
Wands
 e - a wand of digging (20)
 j - a wand of paralysis (10)
 n - a wand of iceblast (14)
 B - a wand of polymorph (5)
 J - a wand of acid (1)
 T - a wand of clouds (6)
Scrolls
 f - 5 scrolls of fear
 h - 12 scrolls of remove curse
 p - 8 scrolls of blinking
 t - 16 scrolls of teleportation
 v - 2 scrolls of amnesia
 w - 3 scrolls of fog
 A - 2 scrolls of magic mapping
 F - 4 scrolls of silence
 P - a scroll of enchant armour
 S - 4 scrolls of identify
 U - a scroll of summoning
Potions
 g - 3 potions of lignification
 i - 5 potions of agility
 o - 3 potions of invisibility
 r - 12 potions of curing
 u - 2 potions of berserk rage
 z - 4 potions of haste
 D - 2 potions of brilliance
 E - 2 potions of ambrosia
 G - a potion of resistance
 K - a potion of mutation
 N - a potion of magic
 Q - a potion of heal wounds
 Y - a potion of cancellation
 Z - a potion of might
Comestibles
 b - 29 rations


   Skills:
 * Level 11.9 Fighting
 - Level 12.3(16.0) Long Blades
 * Level 6.9(9.6) Dodging
 - Level 2.0(4.0) Stealth
 - Level 4.0(6.4) Shields
 * Level 11.1 Spellcasting
 * Level 7.9 Conjurations
 - Level 3.0 Charms
 - Level 3.0 Fire Magic
 * Level 0.8 Ice Magic
 - Level 8.0 Air Magic
 * Level 0.7 Earth Magic
 - Level 3.0 Poison Magic
 * Level 5.7 Evocations


You had 7 spell levels left.
You knew the following spells:

 Your Spells              Type           Power        Failure   Level  Hunger
a - Shock                 Conj/Air       ####         1%          1    None
b - Static Discharge      Conj/Air       ######..     1%          3    None
c - Airstrike             Air            ######....   1%          4    None
d - Conjure Flame         Conj/Fire      #####...     1%          3    None
e - Mephitic Cloud        Conj/Pois/Air  ######..     1%          3    None
f - Freezing Cloud        Conj/Ice/Air   ######....   43%         6    #####..
g - Swiftness             Chrm/Air       #####...     1%          2    None
h - Iron Shot             Conj/Erth      #####.....   63%         6    #####..

Your spell library contained the following spells:

 Spells                   Type           Power        Failure   Level  Hunger
 Infusion                 Chrm           ####         1%          1    None
 Magic Dart               Conj           ####         1%          1    None
 Song of Slaying          Chrm           ####....     1%          2    None
 Stone Arrow              Conj/Erth      #####.       1%          3    None
 Freeze                   Ice            ###.         2%          1    None
 Sandblast                Erth           ###...       2%          1    None
 Shroud of Golubria       Chrm/Tloc      ####..       2%          2    None
 Beastly Appendage        Tmut           ###...       3%          1    None
 Corona                   Hex            ###....      3%          1    None
 Lightning Bolt           Conj/Air       ######....   3%          5    ###....
 Blink                    Tloc           N/A          4%          2    None
 Call Imp                 Summ           ###.....     4%          2    None
 Passwall                 Tmut/Erth      ###.....     4%          2    None
 Slow                     Hex            ###.....     4%          2    None
 Sticks to Snakes         Tmut           ###.....     4%          2    None
 Inner Flame              Hex/Fire       ####....     4%          3    None
 Regeneration             Chrm/Necr      ####......   4%          3    None
 Spectral Weapon          Hex/Chrm       ####....     4%          3    None
 Spider Form              Tmut/Pois      ####......   4%          3    None
 Portal Projectile        Hex/Tloc       ###...       10%         3    None
 Recall                   Summ/Tloc      N/A          10%         3    None
 Ice Form                 Ice/Tmut       ###.....     26%         4    None
 Leda's Liquefaction      Hex/Erth       ###.......   26%         4    None
 Petrify                  Tmut/Erth      ###.....     26%         4    None
 Animate Dead             Necr           N/A          30%         4    None
 Cause Fear               Hex            ###.......   30%         4    None
 Lee's Rapid Deconstruct  Erth           ###.......   54%         5    ###....
 Borgnjor's Vile Clutch   Necr/Erth      ###.......   58%         5    ###....
 Blade Hands              Tmut           ###.......   65%         5    ###....
 Ozocubu's Refrigeration  Ice            ###.......   98%         6    #####..
 Death Channel            Necr           ###.......   99%         6    #####..
 Simulacrum               Ice/Necr       ###.......   99%         6    #####..


Dungeon Overview and Level Annotations

Branches:
Dungeon (13/15)            Temple (0/1) D:5            Lair (6/6) D:8
  Swamp (1/4) Lair:3       Spider (0/4) Lair:2        Slime (0/5) Lair:5
    Orc (0/2) D:12         Vaults (0/5) D:13          Sewer (visited)
Ossuary (visited)         Gauntlet (visited)

Altars:
Ashenzari
Cheibriados
Dithmenos
Fedhas
Gozag
Hepliaklqana
Makhleb
Okawaru
Ru
Trog
Uskayaw
Vehumet
Wu Jian
Xom
Jiyva

Shops:
D:4 *   D:9 :=![:   D:11 !

Annotations:
Lair:3 1 runed translucent door


Innate Abilities, Weirdness & Mutations

You can breathe blasts of noxious fumes.
Your lurid green scales are hard. (AC +8)
You cannot fit into any form of body armour.
Your tail ends in a poisonous barb.
Your system is resistant to poisons. (rPois)
You are cold-blooded and may be slowed by cold attacks.


Message History

The harpoon shot hits you!!
You are yanked forward by the harpoon shot.
You closely miss the swamp worm.
Your tail-slap misses the swamp worm.
The swamp worm barely misses you.
You slash the swamp worm!
Your tail-slap misses the swamp worm.
The swamp worm is heavily wounded.
The grasping roots constrict you!
You slash the swamp worm!
The swamp worm is poisoned.
The swamp worm is severely wounded.
The swamp worm closely misses you.
You slice the swamp worm!!
You kill the swamp worm!
The shambling mangrove hits you!!!
* * * LOW HITPOINT WARNING * * *
x2 The grasping roots constrict you!
You hear an angry buzzing noise. x3
You are too injured to fight recklessly!
The roots' grasp on you weakens, but your attempt to escape fails.
The shambling mangrove hits you!!!
You die...

* , ....≈≈≈.♣♣♣♣.♣.....
♣♣♣♣♣....≈≈≈..≈≈♣♣≈..≈≈.
**♣...≈≈....§≈≈........≈♣≈
,≈..≈≈≈≈≈.≈.≈≈≈≈♣...♣♣♣♣♣
*,≈≈..≈≈≈..≈♣.≈≈.♣.≈)♣ *
....≈≈≈≈.....≈≈♣≈.♣♣
*♣≈≈≈.≈≈≈.≈...=.♣♣♣♣ *. *
♣≈.†f♣♣♣♣♣.§≈≈.♣ *.
♣..@♣♣≈....≈≈≈♣♣ .
♣♣≈.†?....≈≈≈≈.♣ ♣♣.
♣♣♣...≈≈≈≈≈≈≈≈♣♣♣..
♣♣♣.≈≈≈≈≈≈..♣♣.≈≈ * *
*≈≈..≈≈§...§†≈≈.≈ ,{
..≈..≈≈≈.≈♣♣♣.≈≈..
*,≈≈{.♣♣≈≈≈≈.♣♣ ♣....≈ *{
.y. ..≈≈≈..♣ ♣♣≈.♣♣ **
.≈,≈≈.≈≈≈..♣ *♣♣♣♣


You could see a shambling mangrove.

Vanquished Creatures
  Kirke (Lair:4)
  Gastronok (Lair:1)
  A minotaur (Gauntlet)
  A great orb of eyes (D:8)
  Fannar (D:10)
  3 hydras
  A merfolk avatar (Lair:6)
  4 centaur warriors
  5 two-headed ogres
  Urug (D:10)
  An unseen horror (D:12)
  2 harpies (Lair:6)
  Pikel (D:7)
  An oklob plant (Lair:1)
  An orb spider (Lair:2)
  2 wolf spiders (D:8)
  A deep elf mage (D:13)
  A necromancer (D:13)
  A manticore (Lair:6)
  4 black mambas
  4 elephants
  Maurice (D:10)
  3 gargoyles
  Psyche (D:12)
  14 spiny frogs
  4 rime drakes (Lair:6)
  7 komodo dragons
  A polar bear (Lair:4)
  5 trolls
  3 hornets
  11 blink frogs
  Prince Ribbit (D:5)
  9 hippogriffs
  7 dream sheep
  4 bog bodies
  6 wyverns
  Sigmund (D:5)
  A redback (D:8)
  A basilisk (shapeshifter) (D:13)
  A wraith (D:11)
  19 yaks
  5 fire bats
  2 spriggans (Lair:4)
  2 hogs (Lair:4)
  5 basilisks
  A steam dragon (D:12)
  2 hungry ghosts
  4 swamp worms (Swamp:1)
  The ghost of anet the Magician, an amateur DEWz (D:4)
  7 porcupines
  Duvessa (D:5)
  23 water moccasins
  A swamp drake (Swamp:1)
  2 orc warriors
  5 sky beasts
  2 black bears
  A necrophage (D:12)
  An eye of draining (D:11)
  3 ice beasts
  3 phantoms
  4 ogres
  A boggart (D:8)
  7 wolves
  8 centaurs
  6 big kobolds
  20 crocodiles
  18 bullfrogs
  6 scorpions
  Dowan (D:5)
  10 killer bees
  4 wights (D:7)
  6 howler monkeys
  4 electric eels (Lair:1)
  5 crimson imps
  3 centaur zombies
  3 orc priests
  4 hounds
  3 jellies
  2 centaur skeletons
  10 iguanas
  8 worker ants
  Natasha (thrice) (D:3)
  18 orc wizards
  8 mummies (Ossuary)
  A hound skeleton (D:7)
  A worker ant zombie (D:7)
  14 adders
  6 shadow imps
  5 oozes
  2 adder skeletons
  6 worms
  3 dart slugs
  9 leopard geckos
  34 orcs
  15 bats
  12 giant cockroaches
  3 goblins
  11 hobgoblins
  4 jackals (Sewer)
  3 quokkas
  5 ball pythons
  12 frilled lizards
  3 hobgoblin zombies (Ossuary)
  A jackal skeleton (D:7)
  27 kobolds
  2 kobold zombies (Ossuary)
  3 orc zombies (Ossuary)
  A quokka zombie (D:6)
  8 rats
  A plant (Lair:1)
563 creatures vanquished.

Vanquished Creatures (others)
  3 humans (Lair:5)
  An orc priest (D:13)
  An ooze (D:7)
  A leopard gecko (D:7)
  An orc (D:7)
  3 kobolds (D:12)
  14 fungi
  18 plants
42 creatures vanquished.

Grand Total: 605 creatures vanquished

Notes
Turn   | Place    | Note
-------+----------+-------------------------------------------
     0 | D:1      | Kagalorn the Draconian Air Elementalist began the quest for
                  | the Orb.
     0 | D:1      | Reached XP level 1. HP: 14/14 MP: 3/3
   172 | D:1      | Reached XP level 2. HP: 20/20 MP: 0/5
   801 | D:2      | Reached XP level 3. HP: 25/26 MP: 2/6
  1011 | D:2      | Reached XP level 4. HP: 19/33 MP: 1/8
  1075 | D:2      | Learned a level 3 spell: Static Discharge
  1078 | D:2      | Learned a level 2 spell: Swiftness
  1412 | D:2      | Found a bloodstained altar of Trog.
  1751 | D:3      | Noticed Natasha
  1755 | D:3      | Killed Natasha
  1824 | D:3      | Noticed Natasha
  1839 | D:3      | Found a shattered altar of Ashenzari.
  1853 | D:3      | Killed Natasha
  1853 | D:3      | Reached XP level 5. HP: 16/39 MP: 2/9
  1902 | D:3      | Found an iron altar of Okawaru.
  1902 | D:3      | Found a bloodstained altar of Trog.
  1924 | D:3      | Reached skill level 1 in Fighting
  1982 | D:3      | Became a worshipper of Ashenzari the Shackled
  1993 | D:3      | Found a glowing drain.
  2250 | Sewer    | Entered a sewer
  2735 | Sewer    | Reached skill level 1 in Charms
  3115 | D:3      | Found an opulent altar of Gozag.
  3115 | D:3      | Found a snail-covered altar of Cheibriados.
  3186 | D:3      | Found an ornate altar of the Wu Jian Council.
  3212 | D:3      | Noticed Natasha
  3217 | D:3      | Killed Natasha
  3217 | D:3      | Reached XP level 6. HP: 47/47 MP: 2/11
  3770 | D:4      | Reached skill level 5 in Air Magic
  3770 | D:4      | Your scales start taking on a lurid green colour.
  3770 | D:4      | Reached XP level 7. HP: 35/53 MP: 7/13
  3770 | D:4      | Gained mutation: Your system is resistant to poisons.
                  | (rPois) [Green Draconian growth]
  4125 | D:4      | Found Melooh's Assorted Antiques.
  4132 | D:4      | Bought a scroll labeled XIL OTHRINUOGRI for 31 gold pieces
  4132 | D:4      | Bought a scroll labeled YRUIXI XITUSH for 31 gold pieces
  4132 | D:4      | Bought a scroll labeled ZEPHAE BAPPIYT for 31 gold pieces
  4284 | D:4      | Found a runed translucent door.
  4287 | D:4      | Noticed anet's ghost (amateur DEWz)
  4307 | D:4      | Killed anet's ghost
  4564 | D:5      | Entered Level 5 of the Dungeon
  4642 | D:5      | Noticed Dowan
  4643 | D:5      | Noticed Duvessa
  4662 | D:5      | Killed Dowan
  4665 | D:5      | Killed Duvessa
  4665 | D:5      | Reached skill level 5 in Spellcasting
  4733 | D:5      | Noticed Sigmund
  4751 | D:5      | Killed Sigmund
  4751 | D:5      | Reached XP level 8. HP: 48/62 MP: 4/16
  4759 | D:5      | Learned a level 4 spell: Airstrike
  4777 | D:5      | Noticed Prince Ribbit
  4791 | D:5      | Killed Prince Ribbit
  5000 | D:5      | Found a burning altar of Makhleb.
  5000 | D:5      | Noticed a green death
  5061 | D:5      | Found a staircase to the Ecumenical Temple.
  5424 | D:6      | Reached * piety under Ashenzari
  5511 | D:6      | Found a radiant altar of Vehumet.
  5587 | D:6      | Found a sand-covered staircase.
  5615 | Ossuary  | Entered an ossuary
  6210 | D:6      | Found a hide-covered altar of Uskayaw.
  6380 | D:6      | Reached XP level 9. HP: 61/71 MP: 9/19
  6457 | D:6      | Reached skill level 1 in Shields
  7044 | D:7      | Found a sacrificial altar of Ru.
  7050 | D:7      | Found a blossoming altar of Fedhas.
  7051 | D:7      | Found a shadowy altar of Dithmenos.
  7053 | D:7      | Found a shimmering altar of Xom.
  7055 | D:7      | Found a hazy altar of Hepliaklqana.
  7186 | D:7      | Noticed Pikel
  7205 | D:7      | Killed Pikel
  7496 | D:7      | Reached skill level 5 in Fighting
  7882 | D:8      | Reached XP level 10. HP: 75/81 MP: 9/22
  7884 | D:8      | Reached skill level 1 in Long Blades
  8167 | D:8      | Found a staircase to the Lair.
  8288 | D:8      | Found a runed translucent door.
  8288 | D:8      | Noticed a centaur warrior
  8288 | D:8      | Noticed a wolf spider
  8289 | D:8      | Noticed a wolf spider
  8290 | D:8      | Noticed a centaur warrior
  8290 | D:8      | Noticed a great orb of eyes
  8290 | D:8      | Noticed a centaur warrior
  8291 | D:8      | Found the +8 longbow "Zephyr" {speed, Dex+3 SInv}
  8753 | D:9      | Noticed a two-headed ogre
  8771 | D:9      | Noticed a two-headed ogre
  8811 | D:9      | Killed a two-headed ogre
  8811 | D:9      | Reached skill level 2 in Long Blades
  8811 | D:9      | Reached skill level 5 in Conjurations
  8961 | D:9      | Found Ciunamm's Armour Shoppe.
  8983 | D:9      | Killed a two-headed ogre
  8991 | D:9      | Bought a +1 cloak of invisibility for 231 gold pieces
  9085 | D:9      | Found Jaonk's Book Emporium.
  9285 | D:9      | Found Asmen's Distillery.
  9313 | D:9      | Reached skill level 10 in Spellcasting
  9477 | D:9      | Found Cekke's Jewellery Shop.
  9493 | D:9      | Found Sulymap's Book Shoppe.
  9777 | D:10     | Entered Level 10 of the Dungeon
  9777 | D:10     | Noticed Urug
  9783 | D:10     | Noticed Fannar
 10091 | D:10     | Reached skill level 3 in Long Blades
 10105 | D:10     | Noticed a centaur warrior
 10294 | D:10     | Killed a centaur warrior
 10294 | D:10     | Reached XP level 11. HP: 50/91 MP: 4/25
 10485 | D:10     | Noticed Maurice
 11031 | D:10     | Killed Maurice
 11031 | D:10     | Reached skill level 4 in Long Blades
 11119 | D:10     | Killed Urug
 11451 | D:10     | Identified a scroll of acquirement
 11530 | Lair:1   | Entered Level 1 of the Lair of Beasts
 11547 | Lair:1   | Noticed Gastronok
 11635 | Lair:1   | Reached skill level 5 in Long Blades
 11729 | Lair:1   | Reached ** piety under Ashenzari
 12587 | Lair:1   | Reached skill level 5 in Dodging
 13035 | Lair:2   | Reached skill level 6 in Long Blades
 13345 | Lair:2   | Reached skill level 7 in Long Blades
 13390 | Lair:2   | Found a hole to the Spider Nest.
 13390 | Lair:2   | Noticed an orb spider
 13462 | Lair:2   | Killed an orb spider
 13876 | Lair:2   | Reached skill level 8 in Long Blades
 13988 | Lair:2   | Reached *** piety under Ashenzari
 14475 | Lair:3   | Found a gate leading to a gauntlet.
 14490 | Gauntlet | Entered a Gauntlet
 14490 | Gauntlet | Found a transporter.
 14493 | Gauntlet | Found a transporter.
 14495 | Gauntlet | Found a transporter.
 14504 | Gauntlet | Found a transporter.
 14506 | Gauntlet | Found a transporter.
 14515 | Gauntlet | Found a transporter.
 14533 | Gauntlet | Noticed a thrashing horror
 14537 | Gauntlet | Found a transporter.
 14538 | Gauntlet | Noticed a death ooze
 14546 | Gauntlet | Found a transporter.
 14555 | Gauntlet | Found a runed translucent door.
 14555 | Gauntlet | Noticed a wretched star
 14556 | Gauntlet | Found a transporter.
 14557 | Gauntlet | Identified the ring of Odaceenn {MR+ Int+5 SInv}
 14572 | Gauntlet | Found a runed translucent door.
 14576 | Gauntlet | Found a transporter.
 14592 | Gauntlet | Found a transporter.
 14593 | Gauntlet | Found a transporter.
 14599 | Gauntlet | Noticed a soul eater
 14651 | Gauntlet | Found a transporter.
 14665 | Gauntlet | Found a transporter.
 14669 | Gauntlet | Noticed a catoblepas
 14704 | Gauntlet | Identified the +5 hunting sling "Nadd" {freeze, rF+ rC- MR+
                  | Int-5 Dex+7} (You found it on level 4 of the Dungeon)
 14873 | Gauntlet | Identified the ring of Colu {MR- Str+3 Dex+3 SInv Stlth+}
 14924 | Gauntlet | HP: 2/94 [shadow imp/nerve-wracking pain (7)]
 15330 | Gauntlet | Identified the ring "Riqueb" {Fire +Inv rN+ Str+2 Stlth-}
 15330 | Gauntlet | Noticed a minotaur
 16897 | Gauntlet | Killed a minotaur
 16897 | Gauntlet | Reached XP level 12. HP: 44/101 MP: 24/26
 17197 | Lair:3   | Identified the +8 short sword of Haoreufir {flame, rElec}
 17206 | Lair:3   | Upgraded the game from 0.25-a0-190-g27fffb8c76 to
                  | 0.25-a0-200-g5ba96148f3
 17380 | D:9      | Bought a book of Minor Magic for 240 gold pieces
 17388 | D:9      | Learned a level 3 spell: Conjure Flame
 17392 | D:9      | Learned a level 3 spell: Mephitic Cloud
 17627 | Lair:3   | Found a staircase to the Swamp.
 17638 | Lair:3   | Reached skill level 9 in Long Blades
 17864 | Lair:3   | Reached skill level 1 in Poison Magic
 17870 | Lair:3   | Found a runed translucent door.
 17889 | Lair:3   | Reached skill level 1 in Fire Magic
 18335 | Lair:3   | Noticed a five-headed hydra
 18352 | Lair:3   | Killed a five-headed hydra
 18626 | Lair:3   | Reached skill level 1 in Evocations
 19407 | Lair:4   | Reached skill level 10 in Fighting
 19589 | Lair:4   | Reached **** piety under Ashenzari
 20454 | Lair:5   | Noticed Kirke
 20580 | Lair:4   | Killed Kirke
 21009 | Lair:5   | Reached XP level 13. HP: 81/114 MP: 18/27
 21015 | Lair:5   | Reached skill level 10 in Long Blades
 21601 | Lair:5   | Found a viscous altar of Jiyva.
 21601 | Lair:5   | Found a staircase to the Slime Pits.
 21806 | Lair:6   | Entered Level 6 of the Lair of Beasts
 23208 | Lair:6   | Reached skill level 11 in Long Blades
 24405 | Lair:1   | Killed Gastronok
 24459 | Lair:1   | Reached ***** piety under Ashenzari
 25301 | D:8      | Reached skill level 5 in Evocations
 25314 | D:8      | Gained mutation: Your tail ends in a poisonous barb. [Green
                  | Draconian growth]
 25314 | D:8      | Reached XP level 14. HP: 71/124 MP: 28/28
 25315 | D:8      | Reached skill level 12 in Long Blades
 25333 | D:8      | Identified the Almanac of Glacial Clay
 25586 | D:10     | Killed Fannar
 26388 | D:11     | Found Ligg's Distillery.
 26660 | D:12     | Found a staircase to the Orcish Mines.
 27069 | D:12     | Noticed Psyche
 27076 | D:12     | Killed Psyche
 27294 | D:13     | Learned a level 6 spell: Freezing Cloud
 27301 | D:13     | Learned a level 6 spell: Iron Shot
 27346 | D:13     | Found a gate to the Vaults.
 27610 | D:13     | Noticed a fire giant
 28222 | Swamp:1  | Entered Level 1 of the Swamp
 28315 | Swamp:1  | Annihilated by a shambling mangrove

Levels and vault maps discovered:
D:1:      dpeg_chamrin_arrival_tetris, layout_loops_ring
D:2:      layout_loops_ring, trog_book
D:3:      layout_rooms, gammafunk_temple_overflow_elements,
          ashenzari_conservatory_becter, lemuel_doored_altar,
          grunt_temple_overflow_open, portal_sewer_entry_f, uniq_natasha
D:4:      layout_loops_ring, ebering_ghost_reflecting_pool, serial_rivers,
          chequers_serial_rivers_large_a, chequers_serial_rivers_micro_b,
          chequers_serial_rivers_micro_e, chequers_serial_rivers_micro_b,
          chequers_serial_rivers_small_3, chequers_serial_rivers_small_a,
          serial_shops, nicolae_shop_overgrown_old_shop, first_ration
D:5:      layout_loops_ring, minmay_temple_entry_overgrown, dk_vineyard_1,
          makhleb_altar_promises_db, uniq_duvessa, uniq_prince_ribbit1,
          uniq_sigmund
D:6:      layout_basic, nicolae_overflow_crystal_walls, vehumet_crystals,
          lightli_ossuary_entry_decrepit_ruins
D:7:      layout_cave_pools, minitemple, uniq_pikel
D:8:      minmay_gate_of_8, layout_loops_cross, minmay_lair_entry_grove
D:9:      layout_loops_ring, serial_shops, shop_statue, shop,
          nicolae_shop_statue_plus, shop, nicolae_shop_statue_plus
D:10:     layout_cave_pods, uniq_urug, uniq_maurice, uniq_fannar
D:11:     layout_roguey, serial_shops, shop
D:12:     layout_rooms, orc_0_dummy, uniq_psyche
D:13:     minmay_firetagon, layout_loops_corners, david_vaults_4
Lair:1:   layout_gridlike, minmay_lair_oklob_chamber,
          infiniplex_staircase_pool_2, serial_bayou_shore_a, wad_woods_river_01,
          uniq_gastronok
Lair:2:   layout_long_grid, nicolae_spider_entry_orb_guardian
Lair:3:   gammafunk_mikee_crab_dinner, layout_gridlike,
          skrybe_swamp_entry_bodies, gauntlet_entry_generic
Lair:4:   layout_regular_city, forest_entry_grove
Lair:5:   layout_regular_city, dpeg_slime_entry_enclosed_altar,
          grunt_megastairs_1, uniq_kirke
Lair:6:   gammafunk_lair_ancient_temple, layout_misc_corridors
Swamp:1:  layout_basic_swamp, serial_swamp_ruin, evilmike_swamp_ruin_house_5,
          evilmike_swamp_ruin_house_1, evilmike_swamp_ruin_house_3

Skill      XL: |  1  2  3  4  5  6  7  8  9 10 11 12 13 14 |
---------------+-------------------------------------------+-----
Air Magic      | 4 5 6 7 8 |  8.0
Conjurations   | 2 3 4 5 6 7 |  7.9
Spellcasting   | 3 4 5 6 8 10 11 | 11.1
Fighting       | 1 2 3 5 6 8 10 11 | 11.9
Charms         | 1 2 3 |  3.0
Shields        | 4 |  4.0
Stealth        | 2 |  2.0
Dodging        | 2 3 5 6 |  6.9
Long Blades    | 3 8 9 11 12 | 12.3
Poison Magic   | 3 |  3.0
Fire Magic     | 3 |  3.0
Evocations     | 3 5 |  5.7
Ice Magic      | |  0.8
Earth Magic    | |  0.7

Action                   |  1- 3 |  4- 6 |  7- 9 | 10-12 | 13-15 || total
-------------------------+-------+-------+-------+-------+-------++-------
Melee: Unarmed           |    92 |    24 |       |       |       ||   116
       Tailslap          |     7 |     8 |     7 |    32 |    91 ||   145
       Short sword       |       |    39 |       |       |       ||    39
       Falchion          |       |       |    15 |       |       ||    15
       Long sword        |       |       |       |    25 |       ||    25
       Double sword      |       |       |       |   184 |   586 ||   770
 Cast: Shock             |    50 |   169 |   268 |   526 |    31 ||  1044
       Static Discharge  |       |     1 |     5 |    24 |    12 ||    42
       Airstrike         |       |       |     7 |    47 |    20 ||    74
       Swiftness         |       |       |       |     3 |       ||     3
       Conjure Flame     |       |       |       |    17 |     5 ||    22
       Mephitic Cloud    |       |       |       |     2 |     4 ||     6
Invok: Curse Item        |       |       |       |     3 |     1 ||     4
 Abil: Breathe Noxious F |       |       |       |    11 |       ||    11
       Evoke Invisibilit |       |       |       |     8 |     1 ||     9
Evoke: Wand              |       |       |       |     6 |     6 ||    12
  Use: Scroll            |       |     8 |       |    22 |     8 ||    38
       Potion            |       |     2 |       |     3 |       ||     5
 Stab: Sleeping          |     1 |     1 |       |     1 |    11 ||    14
       Invisible         |       |       |       |     3 |       ||     3
       Confused          |       |       |       |     3 |     5 ||     8
       Distracted        |       |       |       |       |     3 ||     3
  Eat: Chunk             |     1 |     9 |     7 |    17 |    14 ||    48
       Ration            |       |       |     2 |     9 |     4 ||    15
Armor: Skin              |    35 |    58 |    32 |   107 |   122 ||   354
Dodge: Dodged            |    67 |   144 |    70 |   302 |   361 ||   944
Block: Buckler           |       |       |     9 |   119 |   110 ||   238
       Rpst.: Falchion   |       |       |    24 |       |       ||    24
       Long sword        |       |       |     3 |    23 |       ||    26
       Double sword      |       |       |       |    52 |    81 ||   133

Table legend:
 A = Non-vault XP
 B = Vault XP
 C = Vault XP percentage of total XP
 D = Non-vault monster count
 E = Vault monster count
 F = Vault count percentage of total count
                 A         B        C        D         E       F
            +---------+---------+-------+---------+---------+-------
      Total |   48768 |   33099 |  40.4 |     427 |     135 |  24.0
            +---------+---------+-------+---------+---------+-------
        D:1 |      38 |       0 |   0.0 |      21 |       0 |   0.0
        D:2 |     110 |       0 |   0.0 |      25 |       0 |   0.0
        D:3 |     134 |      49 |  26.8 |      22 |       7 |  24.1
        D:4 |     572 |     148 |  20.6 |      28 |       1 |   3.4
        D:5 |     240 |     699 |  74.4 |       9 |       4 |  30.8
        D:6 |     942 |       0 |   0.0 |      22 |       0 |   0.0
        D:7 |     986 |     593 |  37.6 |      21 |       1 |   4.5
        D:8 |     530 |    6198 |  92.1 |      10 |      20 |  66.7
        D:9 |    2966 |       0 |   0.0 |      27 |       0 |   0.0
       D:10 |    2705 |    2318 |  46.1 |      24 |       3 |  11.1
       D:11 |    4692 |       0 |   0.0 |      40 |       0 |   0.0
       D:12 |    4099 |     410 |   9.1 |      38 |       1 |   2.6
       D:13 |    1743 |    1459 |  45.6 |       7 |       5 |  41.7
     Lair:1 |    3919 |    3953 |  50.2 |      23 |       6 |  20.7
     Lair:2 |    3695 |     566 |  13.3 |      20 |       1 |   4.8
     Lair:3 |    4796 |     510 |   9.6 |      15 |       2 |  11.8
     Lair:4 |    4139 |    3800 |  47.9 |      19 |      10 |  34.5
     Lair:5 |    4776 |     683 |  12.5 |      24 |       4 |  14.3
     Lair:6 |    6390 |    9859 |  60.7 |      25 |      25 |  50.0
    Swamp:1 |    1296 |       0 |   0.0 |       7 |       0 |   0.0
      Sewer |       0 |      75 | 100.0 |       0 |      25 | 100.0
    Ossuary |       0 |     155 | 100.0 |       0 |      16 | 100.0
   Gauntlet |       0 |    1624 | 100.0 |       0 |       4 | 100.0
            +---------+---------+-------+---------+---------+-------
